 Dungeon Sprint DCSS version bcrawl-1.21.3-16-g7f46a08de7 (webtiles) character file.

Game seed: 5885706855009713558

13297 Dyss the Ruinous (level 12, -16/89 HPs)
             Began as a Fairy Conjurer on Apr 28, 2020.
             Was the Champion of Vehumet.
             Demolished by a lorocyproca (30 damage)
             ... in the Dungeon (Sprint I: "Red Sonja").
             The game lasted 00:10:47 (2214 turns).

Dyss the Ruinous (Fairy Conjurer)                   Turns: 2214, Time: 00:10:47

Health: -16/89     AC:  7    Str: 11    XL:     12   Next: 4%
Magic:  26/32      EV: 27    Int: 24    God:    Vehumet [******]
Gold:   2244       SH:  7    Dex: 13    Spells: 35/39 levels left

rFire    . . .     SeeInvis .   l - +3 hand crossbow of Luk Jey {velocity, *Drain rPois rC++ rN+}
rCold    + + .     Gourm    .   (shield restricted)
rNeg     + . .     Faith    .   (armour unavailable)
rPois    +         Spirit   .   (no helmet)
rElec    .         Reflect  .   (no cloak)
rCorr    +         Harm     .   (no gloves)
MR       +....     NoTele   +   (no boots)
Stlth    +.........             (no amulet)
HPRegen  0.24/turn              k - ring of Divine Intervention {rCorr Str+5}
MPRegen  0.23/turn              (no ring)

@: flying evasively, hasted, very quick
A: small, magic attunement, unstealthy, unfitting armour, able to fly, AC/SH +7
a: Stop Flying, Renounce Religion


You were in the Dungeon.
You worshipped Vehumet.
Vehumet was exalted by your worship.
You were not hungry.

You visited 1 branch You collected 2954 gold pieces.
You spent 710 gold pieces at shops.

Inventory:

Hand Weapons
 l - the +3 hand crossbow of Luk Jey (weapon) {velocity, *Drain rPois rC++ rN+}
   (You bought it in a shop in the Dungeon)

   Any bolt fired from it inflicts extra damage.
   It greatly protects you from cold.
   It protects you from poison.
   It protects you from negative energy.
   It causes draining when unequipped.
Jewellery
 k - the ring of Divine Intervention (left hand) {rCorr Str+5}
   (You bought it in a shop in the Dungeon)

   [ring of resist corrosion]

   It affects your strength (+5).
   It provides partial protection from all sources of acid and corrosion.
Wands
 a - a wand of polymorph (2)
 g - a wand of iceblast (8)
 i - a wand of digging (11)
Scrolls
 h - 3 scrolls of blinking
Potions
 b - a potion of magic
 j - a potion of lignification {unknown}
Comestibles
 e - a ration {!d}


   Skills:
 + Level 10.9 Fighting
 + Level 15.0 Dodging
 - Level 1.5 Stealth
 + Level 14.0 Spellcasting
 * Level 23.3 Conjurations


You had 35 spell levels left.
You knew the following spells:

 Your Spells              Type           Power        Failure   Level  Hunger
a - Magic Dart            Conj           ####         0%          1    None
b - Iskenderun's Mystic   Conj           #######.     0%          3    None

Your spell library contained the following spells:

 Spells                   Type           Power        Failure   Level  Hunger
 Iron Shot                Conj/Erth      ######....   1%          6    None
 Searing Ray              Conj           #######.     0%          2    None
 Fulminant Prism          Conj/Hex       ######....   1%          4    None
 Irradiate                Conj/Tmut      ######....   1%          5    None


Dungeon Overview and Level Annotations

Branches:
Dungeon (1/1)

Altars:
Cheibriados
Dithmenos
Elyvilon
Fedhas
Gozag
Hepliaklqana
Kikubaaqudgha
Lugonu
Makhleb
Nemelex Xobeh
Okawaru
Qazlal
Ru
Sif Muna
Trog
Uskayaw
Vehumet
Wu Jian
Xom
Yredelemnul
Zin
The Shining One
Jiyva

Shops:
D *!!*%*=}(}%*!!((((%[(


Innate Abilities, Weirdness & Mutations

Your spells do not cause hunger and MP costs are reduced by 1.
Your bright wings attract enemies. (Stealth-)
You cannot fit into any form of body armour.
Your shimmering scales are hard and can block incoming attacks. (AC +7, SH +7)
You are small and have problems with some larger weapons.
You can fly continuously.


Message History

Aiming: Iskenderun's Mystic Blast (safe; 0% risk of failure)
Press: ? - help, Shift-Dir - straight line The orb of energy hits something!!
The orb of energy explodes!
Casting: Iskenderun's Mystic Blast (safe; 0% risk of failure)
Confirm with . or Enter, or press ? or * to list all spells.
You don't know that spell.
Casting: Iskenderun's Mystic Blast (safe; 0% risk of failure)
Confirm with . or Enter, or press ? or * to list all spells.
Aiming: Iskenderun's Mystic Blast (safe; 0% risk of failure)
Press: ? - help, Shift-Dir - straight line The orb of energy hits something!!
The orb of energy explodes!
Something hits you!
* * * LOW HITPOINT WARNING * * *
You feel your power leaking away.
You feel better. Something hits you!
* * * LOW HITPOINT WARNING * * *
You feel your power leaking away.
You feel better. Magic courses through your body. Something hits you!!
You die...

...§#§§).§#.§#.○..○○..$$$##.#A#$#
_.#'##'#####'###...#^....# .###$#
#'#.#.§..###.'.#^○°###''## ##..$#
#.####'###.###§#^^###..## +###
...'.....'(∩##§#^.####$$#
.).###########.##'#$$#($#°###
#.###...§...##.##[#$$$$°°°$$#
#'#.#..†.....§.####$$$°$°$$$#
....#''†######.#@$'$$$$$$####
..(.#...†.§.§#.#####$$$###
#####......§#'.# #####
(........§.≈#### ..†.......≈≈#
#.......≈≈≈## ###..≈≈≈≈###
##'######'### ∩∩########∩∩#


There were no monsters in sight!

Vanquished Creatures
  2 centaur warriors (D)
  Sonja (D)
  A deep troll (D)
  2 unseen horrors (D)
  A lindwurm (D)
  An oklob plant (D)
  8 shining eyes (D)
  A gargoyle (D)
  4 demonic crawlers (D)
  2 kobold demonologists (D)
  A hornet (D)
  A slime creature (D)
  Sigmund (D)
  2 redbacks (D)
  A yak (D)
  12 hogs (D)
  6 floating eyes (D)
  7 necrophages (D)
  An ogre (D)
  8 jellies (D)
  Ijyb (D)
  4 ballistomycetes (D)
68 creatures vanquished.

Vanquished Creatures (others)
  A hydra (D)
  A hellwing (D)
  4 hornets (D)
  A hog (D)
  A floating eye (D)
  2 ballistomycete spores (D)
10 creatures vanquished.

Grand Total: 78 creatures vanquished

Notes
Turn   | Place    | Note
-------+----------+-------------------------------------------
     0 | D        | Dyss the Fairy Conjurer began the quest for the Orb.
     0 | D        | Reached XP level 1. HP: 11/11 MP: 6/6
     1 | D        | Noticed Ijyb
    22 | D        | Killed Ijyb
    22 | D        | Reached skill level 8 in Conjurations
    22 | D        | Reached XP level 2. HP: 17/17 MP: 7/7
    22 | D        | Reached XP level 3. HP: 21/21 MP: 9/9
    59 | D        | Learned a level 3 spell: Iskenderun's Mystic Blast
    68 | D        | Noticed an ogre
    71 | D        | Killed an ogre
    71 | D        | Reached skill level 11 in Conjurations
    71 | D        | Reached XP level 4. HP: 10/27 MP: 3/10
   245 | D        | Noticed Sigmund
   248 | D        | Killed Sigmund
   248 | D        | Reached skill level 14 in Conjurations
   248 | D        | Reached XP level 5. HP: 30/31 MP: 4/11
   248 | D        | Reached XP level 6. HP: 35/36 MP: 4/12
   321 | D        | Found an ornate altar of the Wu Jian Council.
   321 | D        | Found a shimmering blue altar of Sif Muna.
   323 | D        | Found a radiant altar of Vehumet.
   325 | D        | Reached skill level 15 in Conjurations
   330 | D        | Became a worshipper of Vehumet
   347 | D        | Found Fyiko's Assorted Antiques.
   347 | D        | Found an ancient bone altar of Kikubaaqudgha.
   347 | D        | Found a hazy altar of Hepliaklqana.
   347 | D        | Found a hide-covered altar of Uskayaw.
   347 | D        | Found a basalt altar of Yredelemnul.
   347 | D        | Found an opulent altar of Gozag.
   347 | D        | Found a snail-covered altar of Cheibriados.
   347 | D        | Found a sacrificial altar of Ru.
   347 | D        | Found a shadowy altar of Dithmenos.
   347 | D        | Noticed a yak
   353 | D        | Killed a yak
   353 | D        | Reached skill level 16 in Conjurations
   353 | D        | Reached XP level 7. HP: 41/41 MP: 1/13
   354 | D        | Found a stormy altar of Qazlal.
   354 | D        | Found a blossoming altar of Fedhas.
   354 | D        | Found a bloodstained altar of Trog.
   354 | D        | Found an iron altar of Okawaru.
   354 | D        | Found a glowing golden altar of the Shining One.
   354 | D        | Found a glowing silver altar of Zin.
   354 | D        | Found a white marble altar of Elyvilon.
   355 | D        | Found a sparkling altar of Nemelex Xobeh.
   449 | D        | Noticed Sonja
   451 | D        | Killed Sonja
   451 | D        | Reached skill level 5 in Spellcasting
   451 | D        | Reached skill level 17 in Conjurations
   451 | D        | Reached XP level 8. HP: 54/54 MP: 9/18
   510 | D        | Found Tiffoygh's Assorted Antiques.
   524 | D        | Noticed a shining eye
   524 | D        | Noticed a shining eye
   524 | D        | Noticed a shining eye
   525 | D        | Reached * piety under Vehumet
   525 | D        | Offered knowledge of Shock by Vehumet.
   526 | D        | Noticed a shining eye
   528 | D        | Reached skill level 18 in Conjurations
   529 | D        | Noticed a shining eye
   534 | D        | Killed a shining eye
   534 | D        | Reached ** piety under Vehumet
   534 | D        | Reached skill level 5 in Fighting
   534 | D        | Reached XP level 9. HP: 61/61 MP: 3/22
   534 | D        | Killed a shining eye
   534 | D        | Reached skill level 19 in Conjurations
   537 | D        | Killed a shining eye
   543 | D        | Killed a shining eye
   543 | D        | Reached skill level 10 in Dodging
   554 | D        | Killed a shining eye
   554 | D        | Reached *** piety under Vehumet
   643 | D        | Found a viscous altar of Jiyva.
   643 | D        | Found a corrupted altar of Lugonu.
   648 | D        | Reached skill level 20 in Conjurations
   648 | D        | Reached XP level 10. HP: 34/71 MP: 19/25
   757 | D        | Noticed a shining eye
   758 | D        | Noticed a shining eye
   758 | D        | Noticed a shining eye
   761 | D        | Paralysed by a floating eye for 2 turns
   764 | D        | Killed a shining eye
   764 | D        | Offered knowledge of Throw Frost by Vehumet.
   764 | D        | Reached skill level 10 in Spellcasting
   764 | D        | Paralysed by a floating eye for 2 turns
   769 | D        | Killed a shining eye
   769 | D        | Reached **** piety under Vehumet
   771 | D        | Killed a shining eye
   817 | D        | Found Ciemn's Distillery.
   817 | D        | Found Kist's Food Shop.
   817 | D        | Found Ovaol's Distillery.
   817 | D        | Found Yjyidd's General Store.
   953 | D        | Noticed a deep troll
   959 | D        | Killed a deep troll
   959 | D        | Offered knowledge of Ignite Poison by Vehumet.
  1205 | D        | Noticed a centaur warrior
  1231 | D        | Bought a scroll of remove curse for 30 gold pieces
  1258 | D        | Noticed a centaur warrior
  1261 | D        | Killed a centaur warrior
  1261 | D        | Offered knowledge of Sticky Flame by Vehumet.
  1261 | D        | Reached skill level 21 in Conjurations
  1264 | D        | Killed a centaur warrior
  1264 | D        | Reached ***** piety under Vehumet
  1443 | D        | Offered knowledge of Lightning Bolt by Vehumet.
  1443 | D        | Reached XP level 11. HP: 79/80 MP: 24/28
  1453 | D        | Noticed an oklob plant
  1456 | D        | Killed an oklob plant
  1466 | D        | Found Gualimov's Armour Emporium.
  1596 | D        | Found a burning altar of Makhleb.
  1596 | D        | Found a shimmering altar of Xom.
  1612 | D        | Killed a 12-headed hydra
  1645 | D        | Offered knowledge of Throw Icicle by Vehumet.
  1649 | D        | Reached skill level 22 in Conjurations
  1781 | D        | Noticed a lindwurm
  1785 | D        | Killed a lindwurm
  1793 | D        | Reached skill level 10 in Fighting
  1795 | D        | Offered knowledge of Bolt of Cold by Vehumet.
  1911 | D        | Reached ****** piety under Vehumet
  1934 | D        | Killed an unseen horror
  1934 | D        | Offered knowledge of Iron Shot by Vehumet.
  1934 | D        | Reached skill level 23 in Conjurations
  1941 | D        | Killed an unseen horror
  2000 | D        | Reached XP level 12. HP: 87/89 MP: 22/31
  2003 | D        | Reached skill level 15 in Dodging
  2078 | D        | Found Ynozew's Gadget Shoppe.
  2078 | D        | Found Mifank's Jewellery Shop.
  2078 | D        | Found Eweawog's Weapon Boutique.
  2080 | D        | Found Feol's Gadget Emporium.
  2080 | D        | Found Atiysocy's Food Shop.
  2080 | D        | Found Vuraq's Assorted Antiques.
  2080 | D        | Found Ywe Esag's Distillery.
  2080 | D        | Found Qimogent's Distillery.
  2080 | D        | Found Dyxarr's Weapon Shop.
  2080 | D        | Found Kyploann's Weapon Shoppe.
  2083 | D        | Found Doisunip's Weapon Boutique.
  2084 | D        | Found Qimogent's Food Emporium.
  2084 | D        | Found Okhituf's Weapon Boutique.
  2085 | D        | Found Kicitiarr's Antique Weapon Emporium.
  2086 | D        | Bought a clouded granite ring for 110 gold pieces
  2098 | D        | Bought the +3 hand crossbow of Luk Jey {velocity, *Drain
                  | rPois rC++ rN+} for 570 gold pieces
  2098 | D        | Identified the ring of Divine Intervention {rCorr Str+5}
                  | (You bought it in a shop in the Dungeon)
  2159 | D        | Noticed a daeva
  2214 | D        | Demolished by a lorocyproca

Skill      XL: |  1  2  3  4  5  6  7  8  9 10 11 12 |
---------------+-------------------------------------+-----
Conjurations   | 8 11 14 16 17 18 20 21 23 | 23.3
Fighting       | 3 5 7 9 10 | 10.9
Dodging        | 6 8 10 12 14 15 | 15.0
Spellcasting   | 5 7 9 11 13 14 | 14.0
Stealth        | |  1.5

Action                   |  1- 3 |  4- 6 |  7- 9 | 10-12 || total
-------------------------+-------+-------+-------+-------++-------
Melee: Unarmed           |     7 |     1 |       |     8 ||    16
 Cast: Magic Dart        |    12 |       |    15 |       ||    27
       Iskenderun's Myst |     2 |    10 |    19 |    98 ||   129
  Use: Potion            |     1 |       |       |     7 ||     8
       Scroll            |       |       |       |     1 ||     1
  Eat: Ration            |       |       |       |     1 ||     1
Armor: Skin              |     5 |       |       |     4 ||     9
Dodge: Dodged            |     4 |     3 |     2 |    74 ||    83
Block: Other             |     1 |     3 |       |    21 ||    25
